 Dungeon Crawl Stone Soup version 0.13-a0-2244-g236abbe (webtiles) character file.

518 JacquesDerrida the Spear-Bearer (level 6, -7/45 HPs)
             Began as a Merfolk Skald on July 5, 2013.
             Was an Initiate of Okawaru.
             Mangled by Prince Ribbit (9 damage)
             ... on Level 5 of the Dungeon.
             The game lasted 00:08:53 (4500 turns).

JacquesDerrida the Spear-Bearer (Merfolk Skald)     Turns: 4500, Time: 00:08:55

HP  -7/45        AC  3     Str 12      XL: 6   Next: 68%
MP  10/10        EV 10     Int 14      God: Okawaru [......]
Gold 152         SH  0     Dex 13      Spells:  2 memorised,  7 levels left

Res.Fire  : . . .   See Invis. : .   a - +0 spear {=f}
Res.Cold  : . . .   Warding    : .   b - +0 leather armour
Life Prot.: . . .   Conserve   : .   (no shield)
Res.Poison: .       Res.Corr.  : .   (no helmet)
Res.Elec. : .       Clarity    : .   (no cloak)
Sust.Abil.: + .     Spirit.Shd : .   (no gloves)
Res.Mut.  : .       Stasis     : .   (no boots)
Res.Rott. : .       Flight     : +   (no amulet)
Saprovore : . . .                    r - ring of sustain abilities {unknown}
                                     l - ring of protection from magic {unknown}

@: flying, constricted, somewhat resistant to hostile enchantments, unstealthy
A: change form in water, swift swim
a: Renounce Religion


You were on level 5 of the Dungeon.
You worshipped Okawaru.
Okawaru was noncommittal.
You were hungry.

You visited 2 branches of the dungeon, and saw 6 of its levels.

You collected 132 gold pieces.

Inventory:

Hand weapons
 a - a +0,+0 spear (weapon) {=f}
Missiles
 y - 16 poisoned needles
Armour
 b - a +0 leather armour (worn)
Comestibles
 d - a bread ration
 s - a lemon
 t - 3 meat rations
 w - an apple
Scrolls
 e - 6 scrolls of identify {unknown}
 f - a scroll of enchant weapon II {unknown}
 h - 2 scrolls of enchant weapon I {unknown}
 j - 2 scrolls of amnesia {unknown}
 m - a scroll of magic mapping {unknown}
 o - a scroll of fog {unknown}
 p - a scroll of blinking {unknown}
 q - a scroll of noise {unknown}
 x - 3 scrolls of recharging {unknown}
 B - 2 scrolls of remove curse {unknown}
 C - 2 scrolls of teleportation {unknown}
Jewellery
 l - a ring of protection from magic (left hand) {unknown}
 r - a ring of sustain abilities (right hand) {unknown}
 z - an uncursed ring of fire
Potions
 i - 2 potions of curing
 n - a potion of poison {unknown}
 u - a potion of invisibility {unknown}
 A - a potion of slowing {unknown}
 D - a potion of might {unknown}
 E - a potion of confusion {unknown}
Books
 c - a book of Battle

   Spells                             Type                      Level
   *Infusion                          Charms                       1
   *Shroud of Golubria                Charms/Translocation         2
   Song of Slaying                    Charms                       2
   Spectral Weapon                    Hexes/Charms                 3
   Regeneration                       Charms/Necromancy            3
   Song of Shielding                  Charms                       5


   Skills:
 - Level 2.1 Fighting
 + Level 9.5 Polearms
 - Level 0.6 Armour
 - Level 1.3 Dodging
 - Level 2.6 Spellcasting
 - Level 3.2 Charms


You had 7 spell levels left.
You knew the following spells:

 Your Spells              Type           Power        Failure   Level  Hunger
a - Infusion              Chrm           ##....       10%         1    #......
b - Shroud of Golubria    Chrm/Tloc      #.........   21%         2    ##.....


Dungeon Overview and Level Annotations

Branches:
Dungeon (5/27)             Temple (1/1) D:4

Altars:
Cheibriados
Elyvilon
Fedhas
Kikubaaqudgha
Nemelex Xobeh
Okawaru
Vehumet
Xom
Yredelemnul

Annotations
D:5 Prince Ribbit


Message History

The ball python bites you.
* * * LOW HITPOINT WARNING * * *
The ball python grabs you.
* * * LOW HITPOINT WARNING * * *
The ball python constricts you.
You escape the ball python's grasp.
Prince Ribbit blinks!
Drink which item? (? for menu, Esc to quit)
It has a very clean taste.
It was a potion of cure mutation.
The ball python barely misses you. The ball python closely misses you.
Prince Ribbit hits you.
* * * LOW HITPOINT WARNING * * *
Drink which item? (? for menu, Esc to quit)
You feel very buoyant.
You fly up into the air.
It was a potion of flight.
The ball python bites you but does no damage.
* * * LOW HITPOINT WARNING * * *
The ball python grabs you.
* * * LOW HITPOINT WARNING * * *
The ball python constricts you. Prince Ribbit hits you!
You die...

. #. ####### #...
#....... #...
#!....#.# #....
#.....#.#
##....####.....#.##.
.........Sl..........
........@FOZ.........
.
.##.>..####z....#.##
..# #... ###.###.#
...# #..
###.###.##..... #.
#......ยง....... #
#.....#.##!###.
#z....#.##.###.
........<...F....
.........#.##.####


You could see Prince Ribbit, an ogre, a ball python, a giant newt, a hound
skeleton and a hippogriff skeleton.

Vanquished Creatures
  An ogre skeleton (D:4)
  2 scorpions (D:4)
  2 worker ants (D:4)
  4 gnolls
  9 adders
  4 worms
  2 giant geckos
  4 orcs
  2 ball pythons (D:1)
  8 bats
  3 giant cockroaches
  6 hobgoblins
  14 kobolds
  4 quokkas
  3 giant newts
  11 goblins
  6 jackals
  11 rats
96 creatures vanquished.

Vanquished Creatures (others)
  A rat (D:2)
1 creature vanquished.

Grand Total: 97 creatures vanquished

Notes
Turn   | Place    | Note
--------------------------------------------------------------
     0 | D:1      | JacquesDerrida, the Merfolk Skald, began the quest for the Orb.
     0 | D:1      | Reached XP level 1. HP: 16/16 MP: 2/2
   207 | D:1      | Reached skill level 4 in Polearms
   207 | D:1      | Reached XP level 2. HP: 17/22 MP: 4/4
  1083 | D:2      | Reached XP level 3. HP: 22/27 MP: 5/5
  1117 | D:2      | Reached skill level 5 in Polearms
  1620 | D:2      | Reached skill level 6 in Polearms
  1620 | D:2      | Reached XP level 4. HP: 20/34 MP: 0/7
  2570 | D:3      | Reached XP level 5. HP: 14/39 MP: 9/9
  2848 | D:4      | Reached skill level 7 in Polearms
  3152 | D:4      | Reached skill level 8 in Polearms
  3164 | D:4      | Reached XP level 6. HP: 32/45 MP: 2/10
  3325 | D:4      | Found a staircase to the Ecumenical Temple.
  3460 | Temple   | Entered the Ecumenical Temple
  3526 | Temple   | Became a worshipper of Warmaster Okawaru
  4117 | D:4      | Learned a level 2 spell: Shroud of Golubria
  4142 | D:4      | Reached skill level 9 in Polearms
  4386 | D:5      | Entered Level 5 of the Dungeon
  4484 | D:5      | Noticed Prince Ribbit
  4499 | D:5      | HP: 1/45 [Prince Ribbit (6)]
  4500 | D:5      | Mangled by Prince Ribbit

Action                   |  1- 3 |  4- 6 || total
-------------------------+-------+-------++-------
Melee: Spear             |   186 |   260 ||   446
 Cast: Infusion          |     1 |    14 ||    15
  Use: Potion            |       |     4 ||     4
 Stab: Sleeping          |     1 |       ||     1
